Cogmind - Beta 13 @@@ ROGUE MODE // 2024.04.05 @ 16:09:28 Player: kilohertz Result: Destroyed by G-34 Mercenary with Small Laser Performance ------------- Evolutions (1) 500 Regions Visited (4) 800 Robots Destroyed (26) 130 Value Destroyed (724) 724 Prototype IDs (0) 0 Alien Tech Used (0) 0 Bonus (92) 92 TOTAL SCORE: 2246 Bonus ------- Follower Combat Kills 92 Cogmind --------- Core Integrity 0/400 Matter 251/300 Energy 140/160 System Corruption 0% Temperature Cool (12) Movement Treading (160) Location -9/Mines Parts ------- > --- POWER (1) -------- Light Nuclear Core > --- PROPULSION (3) --- Light Treads Light Treads Light Treads > --- UTILITY (3) ------ Improved Heat Sink Large Storage Unit Utility Shielding > --- WEAPON (2) ------- Particle Gun Assault Rifle > --- INVENTORY (15) --- Ion Engine Ion Engine Light Ion Engine Light Ion Engine Light Nuclear Core Improved Heat Sink Medium Storage Unit Light Assault Rifle Light Assault Rifle Light Assault Rifle Light Assault Rifle Light Assault Rifle Plasma Cutter Peak State ------------ > --- POWER ------------ Light Nuclear Core > --- PROPULSION ------- Light Treads Light Treads > --- UTILITY ---------- Improved Heat Sink Large Storage Unit Utility Shielding > --- WEAPON ----------- Light Assault Rifle Heavy Assault Rifle > --- INVENTORY -------- Ion Engine Ion Engine Light Ion Engine Light Ion Engine Light Nuclear Core Light Treads Improved Heat Sink Medium Storage Unit Small Laser Assault Rifle Light Assault Rifle Light Assault Rifle Light Assault Rifle Light Assault Rifle Plasma Cutter [Rating: 15] Favorites ----------- Power Light Ion Engine Engine Light Ion Engine Power Core Light Nuclear Core Propulsion Light Treads Treads Light Treads Wheel Compact Wheel Utility Medium Storage Unit Device Structural Scanner Storage Medium Storage Unit Protection Utility Shielding Weapon Light Assault Rifle Energy Gun Small Laser Ballistic Gun Light Assault Rifle Build | -11 -10 -10 -9 -9 ------- Run | Yrd Mat Min Mat Min Slots Evolved 2 | . . . 2 . Power . | . . . . . Propulsion 1 | . . . 1 . Utility 1 | . . . 1 . Weapon . | . . . . . Parts Attached 44 | 6 9 6 19 4 Power 8 | 1 . 2 4 1 Engine 5 | 1 . 1 3 . Core 3 | . . 1 1 1 Reactor . | . . . . . Propulsion 10 | 2 . 2 5 1 Treads 8 | 2 . . 5 1 Leg . | . . . . . Wheel 2 | . . 2 . . Hover . | . . . . . Flight . | . . . . . Utility 15 | 1 7 . 7 . Device 3 | . 1 . 2 . Storage 7 | 1 4 . 2 . Processor . | . . . . . Hackware . | . . . . . Protection 5 | . 2 . 3 . Artifact . | . . . . . Weapon 11 | 2 2 2 3 2 Energy Gun 4 | 1 1 1 . 1 Energy Cannon . | . . . . . Ballistic Gun 7 | 1 1 1 3 1 Ballistic Cannon . | . . . . . Launcher . | . . . . . Special Weapon . | . . . . . Impact Weapon . | . . . . . Slashing Weapon . | . . . . . Piercing Weapon . | . . . . . Special Melee Weapon . | . . . . . Unidentified Prototypes . | . . . . . Parts Lost 10 | . . . 9 1 Power 2 | . . . 2 . Propulsion 4 | . . . 4 . Utility 2 | . . . 2 . Weapon 2 | . . . 1 1 Highest Loss Streak 7 | . . . 7 1 To Critical Strikes . | . . . . . Average Slot Usage (%) 95 | . 99 100 89 77 Engine 9 | . 14 10 6 . Core 2 | . . 3 4 11 Treads 21 | . 28 5 24 22 Wheel 5 | . . 22 2 . Device 10 | . 10 14 9 11 Storage 12 | . 14 14 11 11 Protection 5 | . 1 . 10 11 Energy Gun 8 | . 14 14 . . Ballistic Gun 16 | . 14 14 19 11 Naked Turns . | . . . . . Heaviest Build 38 | 10 25 20 38 31 Greatest Support 60 | 40 40 40 60 40 Greatest Overweight (x) . | . . . . . Average Overweight (x) . | . . . . . Largest Inventory Capacity 15 | 8 10 10 15 15 Average Capacity 11 | 7 9 10 13 15 Most Carried 15 | 4 8 10 15 15 Average Carried 8 | 2 6 9 10 14 Final Capacity 15 | 8 10 10 15 15 Final Carried 15 | 4 8 10 15 13 Class Distribution -------------------- 65% | Mutant 34% | Scavenger-Mutant Dominant Class ---------------- Mutant | -10/Materials Mutant | -10/Mines Scavenger-Mutant | -9/Materials Scavenger-Mutant | -9/Mines Resources | -11 -10 -10 -9 -9 ----------- Run | Yrd Mat Min Mat Min Matter Collected 751 | 235 130 73 313 . Remotely . | . . . . . Salvage Created 888 | . 143 119 626 . Parts 59 | . 11 5 43 . Haulers Intercepted . | . . . . . Recyclers Shooed . | . . . . . Parts Field Recycled . | . . . . . Retrieved Matter . | . . . . . Parts Self-Destructed . | . . . . . Prevented . | . . . . . Kills | -11 -10 -10 -9 -9 ------- Run | Yrd Mat Min Mat Min Combat Hostiles Destroyed 24 | . 4 4 16 . Guns 24 | . 4 4 16 . Classes Destroyed 4 | . 3 . 1 . Worker 2 | . 1 . 1 . Swarmer 8 | . 2 2 4 . Grunt 13 | . 2 2 9 . Sentry 3 | . . . 3 . Best Kill Streak 5 | . 3 4 5 . Combat Bots Only 5 | . 2 4 5 . Max Kills in Single Turn 1 | . 1 1 1 . Gunslinging . | . . . . . Exploded . | . . . . . Melee . | . . . . . Uniques/NPCs Destroyed . | . . . . . Combat | -11 -10 -10 -9 -9 -------- Run | Yrd Mat Min Mat Min Hostile Shots Fired 214 | . 34 23 135 22 Missed 42 | . 10 5 23 4 Damage Taken 2161 | . 281 191 1429 260 Core 490 | . 41 41 335 73 Absorbed by Shields . | . . . . . Redirected to Shielding 38 | . . . 38 . Core Remaining (%) 83 | 100 . 67 . . Volleys Fired 98 | . 15 13 66 4 Largest 2 | . 2 2 2 2 Hottest 85 | . 60 70 85 85 Shots Fired 171 | . 30 26 110 5 Gun 171 | . 30 26 110 5 Cannon . | . . . . . Launcher . | . . . . . Special . | . . . . . Kinetic 136 | . 15 13 104 4 Thermal 35 | . 15 13 6 1 Explosive . | . . . . . Electromagnetic . | . . . . . Robot Hit Streak 18 | . 13 18 10 2 Robot Miss Streak 4 | . 3 1 4 4 Penetration Max . | . . . . . Secondary Targets 2 | . . . 2 . Max Gunslinging Chain 1 | . . . 1 . Shots Hit Robots 126 | . 23 22 78 3 Core Hits 48 | . 8 8 31 1 Critical Kills 2 | . 1 . 1 . Critical Parts Destroyed 1 | . 1 . . . Critical Strikes 3 | . 2 . 1 . Destroy 3 | . 2 . 1 . Melee Attacks . | . . . . . Impact . | . . . . . Slashing . | . . . . . Piercing . | . . . . . Sneak Attacks . | . . . . . Combat Hostiles . | . . . . . Follow-up Attacks . | . . . . . Damage Inflicted 1311 | . 236 214 826 35 Guns 1311 | . 236 214 826 35 Cannons . | . . . . . Explosions . | . . . . . Melee . | . . . . . Ramming . | . . . . . Kinetic 965 | . 87 91 765 22 Thermal 346 | . 149 123 61 13 Explosive . | . . . . . Electromagnetic . | . . . . . Impact . | . . . . . Slashing . | . . . . . Piercing . | . . . . . Highest Corruption . | . . . . . Average Corruption . | . . . . . Corruption Purged . | . . . . . Corruption Blocked . | . . . . . Overload Shots . | . . . . . Overflow Damage . | . . . . . Projectiles . | . . . . . Explosions . | . . . . . Melee . | . . . . . Knockbacks . | . . . . . Impact . | . . . . . Kinetic . | . . . . . Secondary . | . . . . . Self-Inflicted Damage . | . . . . . Shots . | . . . . . Rammed . | . . . . . Targets Rammed . | . . . . . Kicked . | . . . . . Crushed . | . . . . . Highest Temperature 265 | . 156 265 195 5 Average Temperature 99 | . 84 132 76 5 Received Heat Transfer 888 | . 132 75 597 84 Siege Activations . | . . . . . Robots Corrupted . | . . . . . Combat Hostiles . | . . . . . Parts Fried . | . . . . . Impact Corruptions . | . . . . . Robots Melted . | . . . . . Combat Hostiles . | . . . . . Parts Melted . | . . . . . Heat Transferred 905 | . 350 370 148 37 Parts Sabotaged . | . . . . . Parts Stolen . | . . . . . Parts Stripped . | . . . . . Power Chain Reactions . | . . . . . Alert | -11 -10 -10 -9 -9 ------- Run | Yrd Mat Min Mat Min Peak Influence 335 | . 76 156 335 115 Initial 115 | . . 15 60 115 Average 111 | . 15 75 220 105 Maximum Alert Level 1 | . . . 1 . Low Security (%) 70 | 100 100 100 28 100 Level 1 29 | . . . 71 . Level 2 . | . . . . . Level 3 . | . . . . . Level 4 . | . . . . . Level 5 . | . . . . . High Security . | . . . . . Max Security . | . . . . . Squads Dispatched 4 | . 2 . 2 . Investigation 3 | . 1 . 2 . Extermination . | . . . . . Reinforcement 1 | . 1 . . . Assault . | . . . . . Garrison . | . . . . . Intercept . | . . . . . Searches Triggered . | . . . . . Construction Impeded . | . . . . . Haulers Reinforced . | . . . . . Active Scanning Responses . | . . . . . Cargo Convoy Interrupts . | . . . . . Stealth | -11 -10 -10 -9 -9 --------- Run | Yrd Mat Min Mat Min Distress Signals . | . . . . . Communications Jammed . | . . . . . Distress Signals . | . . . . . Times Spotted 39 | . 8 5 23 3 Peak Tracking Total 9 | . 3 4 9 3 Tactical Retreats 2 | . . . 2 . Traps | -11 -10 -10 -9 -9 ------- Run | Yrd Mat Min Mat Min Traps Triggered . | . . . . . Indirectly . | . . . . . Trap Hack Attempts . | . . . . . Triggered . | . . . . . Disarmed . | . . . . . Reprogrammed . | . . . . . Reused . | . . . . . Traps Extracted . | . . . . . Installed . | . . . . . Triggered . | . . . . . Machines | -11 -10 -10 -9 -9 ---------- Run | Yrd Mat Min Mat Min Machines Disabled . | . . . . . Max in Single Turn . | . . . . . Machines Repaired . | . . . . . Machines Dismantled . | . . . . . Machines Sabotaged . | . . . . . Overloaded Fab Kills . | . . . . . Hacking | -11 -10 -10 -9 -9 --------- Run | Yrd Mat Min Mat Min Machines Accessed 4 | . 2 . 2 . Terminals 3 | . 2 . 1 . Fabricators . | . . . . . Repair Stations 1 | . . . 1 . Recycling Units . | . . . . . Scanalyzers . | . . . . . Garrison Access . | . . . . . Total Hacks 10 | . 3 . 7 . Successful 3 | . 1 . 2 . Failed 6 | . 1 . 5 . Catastrophic 1 | . . . 1 . Database Lockouts 1 | . 1 . . . Manual 10 | . 6 . 4 . Terminals 6 | . 3 . 3 . Fabricators . | . . . . . Repair Stations 4 | . . . 4 . Recycling Units . | . . . . . Scanalyzers . | . . . . . Garrison Access . | . . . . . Terminal Hacks 1 | . 1 . . . Robot Analysis 1 | . 1 . . . Fabricator Hacks . | . . . . . Repair Station Hacks 2 | . . . 2 . Scan Component 2 | . . . 2 . Recycling Unit Hacks . | . . . . . Scanalyzer . | . . . . . Garrison Access Hacks . | . . . . . Unauthorized Hacks . | . . . . . Terminals . | . . . . . Fabricators . | . . . . . Repair Stations . | . . . . . Recycling Units . | . . . . . Scanalyzers . | . . . . . Garrison Access . | . . . . . Data Cores Recovered . | . . . . . Used . | . . . . . Hacking Detections 5 | . 2 . 3 . Full Trace Events 3 | . 1 . 2 . Feedback Events . | . . . . . Feedback Blocked . | . . . . . Robot Schematics Acquired . | . . . . . Robots Built . | . . . . . Authchips . | . . . . . Time . | . . . . . Total Robot Build Rating . | . . . . . Part Schematics Acquired . | . . . . . Parts Built . | . . . . . Authchips . | . . . . . Time . | . . . . . Total Part Build Rating . | . . . . . Parts Repaired . | . . . . . Time . | . . . . . Parts Recycled . | . . . . . Recycled Matter . | . . . . . Retrieved Matter . | . . . . . Retrieved Components . | . . . . . Parts Scanalyzed . | . . . . . Part Schematics Acquired . | . . . . . Parts Damaged . | . . . . . Bothacking | -11 -10 -10 -9 -9 ------------ Run | Yrd Mat Min Mat Min Used RIF Installer . | . . . . . Robots Hacked . | . . . . . Non-combat . | . . . . . Combat . | . . . . . Robot Hacks Applied . | . . . . . Relay Couplers Released . | . . . . . Fabnet Peak Effective % . | . . . . . Robots Rewired . | . . . . . Allies Hacked . | . . . . . Hacks Repelled . | . . . . . Allies | -11 -10 -10 -9 -9 -------- Run | Yrd Mat Min Mat Min Total Allies 3 | . . 3 . . Largest Group 3 | . . 3 . . Highest-Rated Group 40 | . . 40 . . Highest-Rated Ally 16 | . . 16 . . Total Orders . | . . . . . Ally Attacks 29 | . . 29 . . Total Damage 346 | . . 346 . . Kills 4 | . . 4 . . Allies Corrupted . | . . . . . Allies Melted . | . . . . . Intel | -11 -10 -10 -9 -9 ------- Run | Yrd Mat Min Mat Min Robot Analysis Total 1 | . 1 . . . Derelict Logs Recovered . | . . . . . Drone Launches . | . . . . . Drone Recoveries . | . . . . . Exploration | -11 -10 -10 -9 -9 ------------- Run | Yrd Mat Min Mat Min Turns Passed 1616 | 86 532 321 663 14 Spaces Moved 895 | 47 293 272 282 1 Core 1 | 1 . . . . Treads 620 | 46 293 40 240 1 Legs . | . . . . . Wheels 274 | . . 232 42 . Hover . | . . . . . Flight . | . . . . . Fastest Speed 50 | 50 160 90 90 160 Average Speed 138 | 157 160 100 149 160 Slowest Speed 160 | 160 160 160 160 160 Overloaded Moves . | . . . . . Propulsion Burnouts . | . . . . . Robots Hopped . | . . . . . Cave-ins Triggered . | . . . . . Exploration Rate (%) 23 | 4 25 56 31 2 Regions Visited 4 Branch Regions 2 Pre-discovered Areas . | . . . . . Known Exits Taken . | . . . . . Unknown Exits Taken 4 | 1 1 1 1 . Scrap Searched 1 | . . 1 . . Spaces Dug . | . . . . . Terrain Destroyed . | . . . . . Melee . | . . . . . Projectile . | . . . . . AOE . | . . . . . Terrain Rammed . | . . . . . Walls Destroyed . | . . . . . Machines Disabled . | . . . . . Actions | -11 -10 -10 -9 -9 --------- Run | Yrd Mat Min Mat Min Total 1117 | 56 326 297 429 9 Wait 54 | . 3 2 49 . Move 891 | 46 292 271 281 1 Hop . | . . . . . Pick Up 19 | 4 5 2 8 . Fast Attach 13 | 6 1 . 6 . Attach 9 | . . . 7 2 Detach 1 | . . . 1 . Swap 22 | . 8 6 6 2 Drop 10 | . 2 3 5 . Fire 98 | . 15 13 66 4 Melee . | . . . . . Ram . | . . . . . Kick . | . . . . . Crush . | . . . . . Escape Stasis . | . . . . . Rewire . | . . . . . Trap . | . . . . . Miscellaneous . | . . . . . Route ------- -11/Scrapyard -10/Materials -10/Mines (discovered 2 exits: *Mat x2) -9/Materials -9/Mines History --------- Turn | Location | Event 2 | -11/Scrapyard | Met Revision 17 24 | -11/Scrapyard | Discovered new exit (range 16) 87 | -11/Scrapyard | Entered Materials 257 | -10/Materials | Discovered new exit (range 12) 309 | -10/Materials | Build established: Mutant 565 | -10/Materials | Central database locked down 619 | -10/Materials | Entered Mines 654 | -10/Mines | Met a Derelict bent on vengeance 739 | -10/Mines | Assisted by bots powering up and referring to "LRC-V3" 880 | -10/Mines | Discovered new exit (range 10) 895 | -10/Mines | Discovered new exit (range 10) 940 | -10/Mines | Entered Materials 940 | -9/Materials | Evolved 2 slots: Propulsion x1, Utility x1 1052 | -9/Materials | Core integrity fell below 50% 1070 | -9/Materials | Lost 7 parts (2p3n1u1w) 1347 | -9/Materials | Build established: Scavenger-Mutant 1401 | -9/Materials | Core integrity fell below 20% 1583 | -9/Materials | Discovered new exit (range 12) 1603 | -9/Materials | Entered Mines 1617 | -9/Mines | Destroyed by G-34 Mercenary with Small Laser Last Messages --------------- 01485_ Acquired 12 matter. 01489_ Dropped Ion Engine. 01489_ Acquired Ion Engine. 01495_ Dropped Ion Engine. 01495_ Acquired Ion Engine. 01500_ Connecting with Terminal... 01509_ K-01 Serf cleans the Recycling Unit. 01546_ Connecting with Terminal... 01546_ ALERT: Suspicious activity at Terminal M007. Dispatching Investigation squad. 01561_ K-01 Serf cleans the Electrolysis Chamber. 01583_ EXIT=FOUND LOCATION=UNKNOWN GOAL=ESCAPE 01604_ C-30 ARC bursts open, deploying its payload. 01604_ B-36 Bruiser unfolds itself. 01604_ G-34 Mercenary unfolds itself. 01604_ Hvy. Assault Rifle destroyed. Map ----- +----------------------------------------------------+ | | | | | | | | | | | | | | | | | | | | | | | | | | | | | | | | | | | | | ????????????????????????????????????? | | ????????????????????????????????????? | | ????????????????????????????????????? | | ??????????????????????????###???????? | | ????????????????????????##g ##??????? | | ???????????????????????##%g #??????? | | ??????????????????????## b #??????? | | ??????????????????# ### @ #??????? | | ??????????????????# ##??????? | | ??????????????????# ###???????? | | ??????????????????####### #?????????? | | ????????????????????????# #?????????? | | ???????????????????????? #?????????? | | ????????????????????????###?????????? | | ????????????????????????????????????? | | ????????????????????????????????????? | | ????????????????????????????????????? | | ????????????????????????????????????? | | ????????????????????????????????????? | | ????????????????????????????????????? | | ????????????????????????????????????? | | ????????????????????????????????????? | | ????????????????????????????????????? | | ????????????????????????????????????? | | ????????????????????????????????????? | | ????????????????????????????????????? | | ????????????????????????????????????? | | ????????????????????????????????????? | | ????????????????????????????????????? | | ????????????????????????????????????? | | ????????????????????????????????????? | | ????????????????????????????????????? | +----------------------------------------------------+ Best States ------------- Heat Dissipation 42 Energy Generation 14 Energy Capacity 250 Matter Stores 300 Matter Capacity 300 Sight Range 16 Terrain Scan Density 10 Armor Coverage 225 Utility Shielding 33 Evasion (%) 42 Recoil Reduction 3 Item Schematics ----------------- None Robot Schematics ------------------ None Fabricated ------------ Nothing Alien Tech Used ----------------- None Achievements -------------- None Challenges ------------ None Game ------ Seed DimensionalPlatingCloak Manual? 0 Play Time 00:25:09 Cumulative 14.2 hours Start 2024.04.05 @ 14:05:17 End 2024.04.05 @ 16:09:28 Sessions 3 Manual Loads 0 Difficulty Rogue Special Mode None Game No. 27 Rogue 27 Adventurer 0 Explorer 0 Win Type - Total 0 Types 0/0/0/0/0/0/0/0/0 Lore% 9 Gallery% 19 Achievement% 19 Wizard Run 0 Options --------- Layout 1 ASCII 0 Keyboard 0 Movement Mouse Keybinds 0 Fullscreen 1 Font 16/SmallcapsGlow Map View 50x40 Zoom Use 0% Tactical HUD 1 Map Filters NONE Filters NONE Steam SD RUN: ec281e8c-85db-41f2-a54f-9590d7a1015c